 Dungeon Crawl Stone Soup version 0.30-a0-1008-g30c9307041 (webtiles) character file.

Game seed: 6548046456287820426

5413 Jogans the Basher (level 10, -1/86 (91) HPs)
             Began as a Minotaur Monk on Apr 5, 2023.
             Was a Priest of Nemelex Xobeh.
             Slain by an orc warrior
             ... wielding the +6 dagger of Rumicarr {drain, rElec rC- rN+ Dex+6}
              (14 damage)
             ... on level 7 of the Dungeon.
             The game lasted 00:29:35 (7024 turns).

Jogans the Basher (Minotaur Monk)                   Turns: 7024, Time: 00:29:36

HP:   -1/86 (91)    AC:  4    Str: 24    XL:     10   Next: 40%
MP:   12/12         EV: 15    Int:  7    God:    Nemelex Xobeh [***...]
Gold: 193           SH:  5    Dex: 12    Spells: 9/9 levels left

rFire   + . .      SeeInvis +    c - +2 mace (drain)
rCold   . . .      Faith    .    (no shield)
rNeg    . . .      Spirit   .    y - +2 robe
rPois   .          Reflect  +    (helmet restricted)
rElec   .          Rampage  .    (no cloak)
rCorr   .                        (no gloves)
Will    +....                    (no boots)
Stlth   ++++                     u - amulet of reflection
HPRegen 0.34/turn                m - ring of wizardry
MPRegen 0.13/turn                p - ring of Tybud {Will+ Str+3 Stlth+}

@: drained
A: horns 2, retaliatory headbutt, see invisible, fire resistance 1
a: Renounce Religion, Draw Escape, Draw Destruction, Draw Summoning, Triple Draw


You were on level 7 of the Dungeon.
You worshipped Nemelex Xobeh.
Nemelex Xobeh was most pleased with you.
You visited 1 branch of the dungeon, and saw 7 of its levels.

You collected 473 gold pieces.
You spent 280 gold pieces at shops.

Inventory:

Hand Weapons
 a - a +0 spear
 c - a +2 mace of draining (weapon)
 F - a +4 flail
Missiles
 A - 2 curare-tipped darts (quivered)
 B - a throwing net
Armour
 b - a +0 robe
 k - a +0 helmet
 y - a +2 robe (worn)
Magical Staves
 s - a staff of death
 G - a staff of air
Jewellery
 m - a ring of wizardry (left hand)
 p - the ring of Tybud (right hand) {Will+ Str+3 Stlth+}
   (You found it on level 2 of the Dungeon)

   [ring of willpower]

   Str:       It affects your strength (+3).
   Will:      It increases your willpower.
   Stlth:     It makes you more stealthy.
 u - an amulet of reflection (around neck)
 D - a ring of resist corrosion
Wands
 q - a wand of charming (20)
Scrolls
 d - 9 scrolls of identify {unknown}
 e - a scroll of magic mapping {unknown}
 f - 5 scrolls of teleportation {unknown}
 g - 3 scrolls of amnesia {unknown}
 h - 2 scrolls of enchant weapon {unknown}
 i - a scroll of poison {unknown}
 l - 2 scrolls of brand weapon {unknown}
 o - a scroll of fog {unknown}
 C - a scroll of silence {unknown}
Potions
 j - a potion of haste {unknown}
 n - 3 potions of cancellation {unknown}
 t - 2 potions of flight {unknown}
 v - 2 potions of heal wounds
 w - a potion of ambrosia
 x - a potion of brilliance {unknown}
 z - a potion of degeneration {unknown}
 E - a potion of attraction {unknown}
Miscellaneous
 H - a box of beasts


   Skills:
 + Level 9.0 Fighting
 * Level 10.7 Maces & Flails
 - Level 4.7 Polearms
 + Level 8.2 Dodging
 - Level 5.6 Stealth
 * Level 4.6 Invocations


You had 9 spell levels left.
You didn't know any spells.
Your spell library contained the following spells:

 Spells                   Type           Power      Damage    Failure   Level
 Ensorcelled Hibernation  Hex/Ice        0%         N/A       26%         2
 Passwall                 Tmut/Erth      0%         N/A       26%         2
 Swiftness                Air            0%         N/A       45%         3


Dungeon Overview and Level Annotations

Branches:
Dungeon (7/15)             Temple (0/1) D:5

Altars:
Dithmenos
Gozag
Kikubaaqudgha
Nemelex Xobeh
Ru
Uskayaw
Wu Jian

Shops:
D:4 =   D:6 :


Innate Abilities, Weirdness & Mutations

You have a pair of horns on your head.
You reflexively headbutt those who attack you in melee.
You have supernaturally acute eyesight. (SInv)
Your flesh is heat resistant. (rF+)


Message History

A troll comes into view.
Found a runed chain mail.
Things that are here:
a +0 shortbow; a +0 heavy flail You draw a card...
You have drawn Vitriol.
Press: ? - help, Shift-Dir - straight line, f - troll
Aim: a troll The glob of acid hits the troll!!!
You kill the troll!
The troll leather armour is intact enough to wear.
You hear a shout!
Your Fighting skill increases to level 9!
Things that are here:
a +0 troll leather armour; a troll corpse
Things that are here:
a +0 shortbow; a +0 heavy flail An orc warrior comes into view.
It is wielding the +6 dagger of Rumicarr {drain, rElec rC- rN+ Dex+6}.
Things that are here:
a +0 troll leather armour; a box of beasts; a troll corpse
H - a box of beasts You hit the orc warrior but do no damage.
The orc warrior hits you with the +6 dagger of Rumicarr {drain, rElec rC- rN+ Dex+6}!
* * * LOW HITPOINT WARNING * * *
You feel drained.
* * * LOW HITPOINT WARNING * * *
Aiming: Corrosive Bolt
Press: ? - help, Q - select action, (/) - cycle Shift-Dir - straight line, f - orc warrior
Aim: an orc warrior, wielding the +6 dagger of Rumicarr {drain, rElec rC- rN+ Dex+6} and wearing a +0 plate armour (71% to hit)
The bolt of acid hits the orc warrior!
The orc warrior is moderately wounded.
The now-empty wand crumbles to dust.
The orc warrior hits you with the +6 dagger of Rumicarr {drain, rElec rC- rN+ Dex+6}!
* * * LOW HITPOINT WARNING * * *
You feel drained.
* * * LOW HITPOINT WARNING * * *
You draw a card...
You have drawn the Tomb.
Walls emerge from the floor!
The orc warrior hits you with the +6 dagger of Rumicarr {drain, rElec rC- rN+ Dex+6}!
You die...
Your body glows with a rainbow of weird colours and disappears.

#.##.##.# ###.##.#..##(##..
##..#.#.###.##.##.##..#).# #
#####.##.##.....#.##..#..#
.#
.##..###.####.####..##.##..#
#..####.###.....###.##.##.##
#####..###.#####.###..#..#
.###.####.## .[# .####.###
.#..####.## #o##.#.....#
.#..#..##)## #@# ##.#.##
.###..# ##.# ### #..[..#
.##.### #.## ##[# #.#)#.#
.##...# ##.###.## #.....#
.###.### ##..)## ###.###
##.....## ##### ##.##
#.......## ###.#.#
.........#########.#.#.#
.....[....#...#.#..#.#.#


You could see an orc warrior.

Vanquished Creatures
  A two-headed ogre (D:7)
  A black mamba (D:6)
  Maggie (D:6)
  2 trolls (D:7)
  Grinder (D:3)
  A wraith (D:7)
  5 vampire mosquitoes
  A water moccasin (D:5)
  An ice beast (D:7)
  A black bear (D:4)
  4 orc warriors
  An ogre (D:5)
  2 centaurs (D:7)
  3 kobold brigands (D:7)
  A phantom (D:5)
  6 bullfrogs
  4 scorpions
  2 howler monkeys
  A hound (D:7)
  6 orc priests (D:6)
  A gnoll bouda (D:6)
  5 iguanas
  8 orc wizards
  9 gnolls
  6 adders
  A shadow imp (D:7)
  2 white imps (D:7)
  2 ufetubi
  2 worms
  2 dart slugs
  29 orcs
  8 endoplasms
  A giant cockroach (D:1)
  9 hobgoblins
  5 quokkas
  4 ball pythons
  6 bats
  A frilled lizard (D:2)
  5 goblins
  19 kobolds
  6 rats
176 creatures vanquished.

Vanquished Creatures (others)
  A centaur (D:5)
1 creature vanquished.

Grand Total: 177 creatures vanquished

Notes
Turn   | Place    | Note
-------+----------+-------------------------------------------
     0 | D:1      | Jogans the Minotaur Monk began the quest for the Orb.
     0 | D:1      | Reached XP level 1. HP: 19/19 MP: 0/0
   500 | D:1      | Reached XP level 2. HP: 27/27 MP: 1/1
  1080 | D:2      | Reached XP level 3. HP: 19/33 MP: 2/2
  1249 | D:2      | Reached XP level 4. HP: 38/41 MP: 3/3
  1577 | D:2      | Identified the ring of Tybud {Will+ Str+3 Stlth+}
  1988 | D:3      | Gained mutation: Your flesh is heat resistant. (rF+)
                  | [potion of mutation]
  1988 | D:3      | Gained mutation: You have supernaturally acute eyesight.
                  | (SInv) [potion of mutation]
  1993 | D:3      | Reached XP level 5. HP: 11/40 MP: 4/4
  2153 | D:3      | Reached skill level 1 in Maces & Flails
  2429 | D:3      | Noticed Grinder
  2443 | D:3      | Killed Grinder
  2444 | D:3      | Reached skill level 5 in Fighting
  2444 | D:3      | Reached skill level 3 in Maces & Flails
  2444 | D:3      | Reached XP level 6. HP: 25/56 MP: 5/5
  2646 | D:3      | Found a sparkling altar of Nemelex Xobeh.
  2651 | D:3      | Became a worshipper of Nemelex Xobeh the Trickster
  2651 | D:3      | Reached * piety under Nemelex Xobeh
  2651 | D:3      | Received a gift from Nemelex Xobeh
  2651 | D:3      | Reached ** piety under Nemelex Xobeh
  2789 | D:3      | You fall into a shaft and drop 1 floor!
  3023 | D:4      | Found Qaytus's Jewellery Boutique.
  3298 | D:4      | Reached skill level 5 in Dodging
  3298 | D:4      | Reached XP level 7. HP: 37/61 MP: 6/6
  3427 | D:4      | Found an ancient bone altar of Kikubaaqudgha.
  3480 | D:5      | Entered Level 5 of the Dungeon
  3510 | D:5      | Reached skill level 4 in Maces & Flails
  3571 | D:5      | Found a staircase to the Ecumenical Temple.
  3634 | D:5      | Received a gift from Nemelex Xobeh
  3722 | D:5      | Found a shadowy altar of Dithmenos.
  3733 | D:5      | Reached skill level 5 in Maces & Flails
  4244 | D:5      | Found a hide-covered altar of Uskayaw.
  4297 | D:5      | Reached XP level 8. HP: 70/70 MP: 7/7
  4550 | D:6      | Reached *** piety under Nemelex Xobeh
  4559 | D:6      | Reached skill level 6 in Maces & Flails
  4732 | D:6      | Noticed Sigmund
  4733 | D:6      | Sigmund changed into Sigmund the black mamba
  4733 | D:6      | Noticed Sigmund
  4735 | D:6      | Reached skill level 7 in Maces & Flails
  4741 | D:6      | Killed Sigmund the black mamba
  4742 | D:6      | Reached skill level 5 in Stealth
  4937 | D:6      | Reached skill level 8 in Maces & Flails
  4937 | D:6      | Reached XP level 9. HP: 48/79 MP: 8/8
  5058 | D:6      | Noticed Maggie
  5070 | D:6      | Killed Maggie
  5233 | D:6      | Found Coraq's Book Emporium.
  5242 | D:6      | Bought a book of Burglary for 280 gold pieces
  5653 | D:6      | Reached skill level 9 in Maces & Flails
  5782 | D:6      | Received a gift from Nemelex Xobeh
  6249 | D:7      | Reached skill level 1 in Invocations
  6633 | D:7      | Received a gift from Nemelex Xobeh
  6638 | D:7      | Found a sacrificial altar of Ru.
  6639 | D:7      | Found an ornate altar of the Wu Jian Council.
  6640 | D:7      | Found an opulent altar of Gozag.
  6640 | D:7      | Found an ancient bone altar of Kikubaaqudgha.
  6738 | D:7      | Reached skill level 10 in Maces & Flails
  6738 | D:7      | Reached XP level 10. HP: 52/90 MP: 11/11
  6871 | D:7      | Noticed a two-headed ogre
  6873 | D:7      | Killed a two-headed ogre
  7020 | D:7      | Identified the +6 dagger of Rumicarr {drain, rElec rC- rN+
                  | Dex+6}
  7024 | D:7      | Slain by an orc warrior

Illustrated notes

Levels and vault maps discovered:
D:1:      psy_arrival_radial02, layout_loops_ring, minmay_misc_feat_encased,
          minmay_pentomino_s2
D:2:      kennysheep_six_static_rooms, layout_loops_corners, dk_vineyard_3,
          minmay_door_square, minmay_splitting_lines, kennysheep_generic_room_7
D:3:      layout_rooms, nemelex_spade_bored_becter, uniq_grinder
D:4:      layout_loops_cross, nicolae_overflow_hidden_temple, serial_shops, shop
D:5:      layout_basic, general_overflow_altar,
          grunt_dithmenos_smoke_and_mirrors, minmay_temple_entry_arrows,
          kennysheep_generic_room_11
D:6:      layout_loops_corners, serial_shops, nicolae_shop_crystal,
          lightli_minifort, uniq_sigmund, uniq_maggie
D:7:      minmay_the_grid_octo_tiled_octocenter
          [minmay_the_grid_octo_fan_narrow, minmay_the_grid_octo_shrine,
          minmay_the_grid_octo_toaster, minmay_the_grid_octo_checkerflower,
          minmay_the_grid_octo_prize_single_spiral,
          minmay_the_grid_square_5x5_tetrominoes,
          minmay_the_grid_square_5x5_mess,
          minmay_the_grid_square_5x5_checkered_sparse,
          minmay_the_grid_square_5x5_z], layout_loops_corners, st_stairs_6,
          uniq_prince_ribbit1

Skill      XL: |  1  2  3  4  5  6  7  8  9 10 |
---------------+-------------------------------+-----
Polearms       | 4 |  4.7
Fighting       | 4 5 6 7 8 9 |  9.0
Stealth        | 2 3 4 5 |  5.6
Dodging        | 4 5 6 7 8 |  8.2
Maces & Flails | 3 5 8 10 | 10.7
Invocations    | 3 4 |  4.6

Action                     |  1- 3 |  4- 6 |  7- 9 | 10-12 || total
---------------------------+-------+-------+-------+-------++-------
  Melee: Spear             |    77 |    53 |       |       ||   130
         Headbutt          |    16 |    12 |    32 |     5 ||    65
         Punch             |     2 |       |     4 |     1 ||     7
         Mace              |       |    48 |   219 |    31 ||   298
 Invoke: Draw Destruction  |       |       |     7 |     1 ||     8
         Draw Summoning    |       |       |     1 |       ||     1
         Draw Escape       |       |       |       |     1 ||     1
  Evoke: Wand              |       |     5 |       |     1 ||     6
    Use: Potion            |       |     3 |     2 |       ||     5
   Stab: Sleeping          |     2 |     6 |    11 |     1 ||    20
         Distracted        |       |       |     1 |       ||     1
 Armour: Robe              |     7 |    17 |    19 |     3 ||    46
  Dodge: Dodged            |    38 |    81 |   127 |    24 ||   270
  Block: Other             |       |     7 |    46 |     8 ||    61
         Reflection        |       |       |     3 |       ||     3

Table legend: (Time is in decaauts)
 A = Elapsed time spent in this place.
 B = Non-inter-level travel time spent in this place.
 C = Inter-level travel time spent in this place.
 D = Time resting spent in this place.
 E = Time spent auto-exploring this place.
 F = Levels seen in this place.
 G = Mean time per level.
                   A        B        C        D        E       F      G
               +--------+--------+--------+--------+--------+-----+--------+
         Total |   7015 |   6394 |    621 |    562 |   4795 |   7 | 1002.1 |
       Dungeon |   7015 |   6394 |    621 |    562 |   4795 |   7 | 1002.1 |
               +--------+--------+--------+--------+--------+-----+--------+

Top non-repeatable levels by time:
     D:6: 1691 daAuts
     D:2: 1188 daAuts
     D:5: 1075 daAuts
     D:3: 879 daAuts
     D:7: 770 daAuts
     D:1: 715 daAuts
     D:4: 694 daAuts
